 Dungeon Crawl Stone Soup version 0.21.1-1-g345015f (webtiles) character file.

252 twistedcrescendo the Basher (level 5, 0/45 HPs)
             Began as a Minotaur Berserker on June 18, 2018.
             Was a Believer of Trog.
             Slain by an orc
             ... wielding a +0 mace
              (2 damage)
             ... on level 4 of the Dungeon.
             The game lasted 00:13:20 (2697 turns).

twistedcrescendo the Basher (Minotaur Berserker)    Turns: 2697, Time: 00:13:21

Health: 0/45       AC:  0    Str: 21    XL:     5   Next: 89%
Magic:  4/4        EV: 12    Int:  4    God:    Trog [**....]
Gold:   185        SH:  0    Dex: 11    Spells: 4/4 levels left

rFire    . . .     SeeInvis .   a - +1 mace
rCold    . . .     Gourm    .   (no shield)
rNeg     . . .     Faith    .   (no armour)
rPois    .         Spirit   .   (helmet restricted)
rElec    .         Reflect  .   (no cloak)
rCorr    .         Harm     .   (no gloves)
MR       ++...                  (no boots)
Stlth    +.........             (no amulet)
HPRegen  1.15/turn              (no ring)
MPRegen  0.09/turn              (no ring)

@: lethally poisoned (0 -> 0), berserk cooldown, regenerating, slowed, very slow
A: retaliatory headbutt, horns 2
a: Berserk, Trog's Hand, Burn Spellbooks, Renounce Religion


You were on level 4 of the Dungeon.
You worshipped Trog.
Trog was pleased with you.
You were not hungry.

You visited 1 branch of the dungeon, and saw 4 of its levels.

You collected 185 gold pieces.

Inventory:

Hand Weapons
 a - a +1 mace (weapon)
 u - a +0 mace
 y - a +0 flail
 C - a +0 flail
Armour
 b - a +0 animal skin
 o - a +0 leather armour
 D - a +0 plate armour
Jewellery
 t - an uncursed ring of protection from fire {unknown}
Wands
 m - a wand of disintegration (17)
Scrolls
 d - a scroll of enchant weapon
 f - a scroll of identify {unknown}
 h - a scroll of blinking {unknown}
 j - a scroll of remove curse
 p - a scroll of fog {unknown}
 r - 2 scrolls of immolation {unknown}
 w - a scroll of fear {unknown}
 A - a scroll of random uselessness {unknown}
 B - a scroll of magic mapping {unknown}
Potions
 e - 4 potions of curing {unknown}
 g - 2 potions of haste {unknown}
 i - a potion of brilliance {unknown}
 l - a potion of resistance {unknown}
 n - a potion of might {unknown}
 s - 2 potions of agility {unknown}
 v - a potion of mutation {unknown}
 x - a potion of heal wounds {unknown}
 z - a potion of lignification {unknown}
Books
 q - a book of Misfortune

   Spells                             Type                      Level
   a - Confusing Touch                Hexes                        1
   b - Confuse                        Hexes                        3
   c - Gell's Gravitas                Translocation                3
   d - Petrify                        Transmutation/Earth          4
   e - Metabolic Englaciation         Hexes/Ice                    5
   f - Yara's Violent Unravelling     Hexes/Transmutation          5
   Trog disapproves of the use of such an item.
Comestibles
 c - 6 rations
 k - 2 chunks of flesh


   Skills:
 - Level 3.6 Fighting
 + Level 8.0 Maces & Flails
 - Level 2.4 Armour
 - Level 2.1 Dodging


You had 4 spell levels left.
You didn't know any spells.

Dungeon Overview and Level Annotations

Branches:
Dungeon (4/15)
 Temple: D:4-7

Altars:
Elyvilon
Hepliaklqana
Qazlal
Zin

Shops:
D:3 *


Innate Abilities, Weirdness & Mutations

You reflexively headbutt those who attack you in melee.
You have a pair of horns on your head.


Message History

You feel sick.
The orc wizard gestures wildly while chanting.
The orc wizard seems to speed up.
The orc hits you with a mace!
* * * LOW HITPOINT WARNING * * *
The orc wizard closely misses you.
An orc comes into view.
You barely miss the orc wizard. Your headbutt misses the orc wizard.
The orc wizard is lightly wounded.
You feel the effects of Trog's Hand fading.
You feel sick.
The orc wizard hits you but does no damage.
The orc closely misses you. The orc wizard hits you with a dagger.
* * * LOW HITPOINT WARNING * * *
Unknown command.
Clearing level map.
Unknown command.
The orc wizard hits you with a dagger.
* * * LOW HITPOINT WARNING * * *
The orc wizard barely misses you. The orc hits you with a mace.
You die...

#.# # ###.## ....# #..#
# #### #..#############
##...###...............
#.....##..#############
.##....o....# #
......oo@(..#
.###...####.# ##%# #.#
... ..# ### #.# .#


You could see an orc wizard and 2 orcs.

Vanquished Creatures
  2 hounds (D:4)
  An orc wizard (D:4)
  2 worker ants (D:4)
  5 adders
  An ooze (D:3)
  3 worms
  A leopard gecko (D:3)
  7 orcs
  A ball python (D:1)
  3 giant cockroaches
  6 goblins
  5 hobgoblins
  5 jackals
  A quokka (D:3)
  2 bats
  5 frilled lizards
  3 kobolds
  4 rats
57 creatures vanquished.

Notes
Turn   | Place    | Note
-------+----------+-------------------------------------------
     0 | D:1      | twistedcrescendo the Minotaur Berserker began the quest for the Orb.
     0 | D:1      | Reached XP level 1. HP: 19/19 MP: 0/0
   174 | D:1      | Reached skill level 4 in Maces & Flails
   393 | D:1      | Reached XP level 2. HP: 25/26 MP: 1/1
   971 | D:2      | Reached skill level 5 in Maces & Flails
   990 | D:2      | Reached XP level 3. HP: 4/31 MP: 2/2
  1709 | D:3      | Reached ** piety under Trog
  1709 | D:3      | Reached skill level 6 in Maces & Flails
  1709 | D:3      | Reached XP level 4. HP: 23/39 MP: 3/3
  2071 | D:3      | Found Zin's Purification Station.
  2075 | D:3      | Found a glowing silver altar of Zin.
  2263 | D:3      | Found a white marble altar of Elyvilon.
  2266 | D:3      | Found a stormy altar of Qazlal.
  2269 | D:3      | Found a hazy altar of Hepliaklqana.
  2617 | D:4      | Reached skill level 7 in Maces & Flails
  2617 | D:4      | Reached XP level 5. HP: 39/45 MP: 4/4
  2684 | D:4      | Reached skill level 8 in Maces & Flails
  2696 | D:4      | HP: 2/45 [orc wizard/dagger (2)]
  2697 | D:4      | Slain by an orc

Skill      XL: |  1  2  3  4  5 |
---------------+----------------+-----
Maces & Flails | 4 5 6 7 8 |  8.0
Fighting       | |  3.6
Armour         | |  2.4
Dodging        | |  2.1

Action                   |  1- 3 |  4- 6 || total
-------------------------+-------+-------++-------
Melee: Mace              |    72 |    69 ||   141
       Headbutt          |    10 |     8 ||    18
Invok: Berserk           |     1 |     1 ||     2
       Trog's Hand       |       |     1 ||     1
  Use: Scroll            |       |     2 ||     2
  Eat: Chunk             |     2 |     6 ||     8
Armor: Animal skin       |     9 |       ||     9
       Leather armour    |     2 |    11 ||    13
       Ring mail         |       |     1 ||     1
Dodge: Dodged            |    53 |    39 ||    92
